AoeStats
← Noathone

Black Forest

510424404Analyzed
2v2 RM · 3d ago on Oct 1, 2026· 37m 46s· 4 players
Game mode
Random Map
Map size
Medium (4 player)
Population
200
Speed
Normal
Resources
Standard
Victory
Conquest
Starting age
Dark Age
Ending age
Imperial Age
RankedLock teamsTeams togetherTeam positionsShared explorationLock speedFull tech treeHidden civsTurbo modeCheats
Victory
Defeat
🇦🇷 Persians · Argentina
777
+19
🇵🇪 Spanish · Peru
777
+19
🇦🇷 Chinese · Argentina
879
-21
🇦🇷 Persians · Argentina
786
-17
Noathone
11:25 Feudal Age
16:14 Castle Age
37:25 Imperial Age
Papichan
0:32 Loom
13:53 Feudal Age
24:21 Horse Collar
25:49 Double-Bit Axe
27:51 Wheelbarrow
32:30 Castle Age
31:10 Padded Archer Armor
31:17 Scale Barding Armor
31:36 Bloodlines
31:29 Gold Mining
32:04 Scale Mail Armor
32:48 Forging
33:15 Husbandry
35:08 Kamandaran
35:14 Padded Archer Armor
35:59 Murder Holes
37:08 Crossbowman
Lucas102034680
5:57 Loom
11:02 Feudal Age
11:53 Horse Collar
12:06 Double-Bit Axe
12:05 Horse Collar
16:59 Wheelbarrow
19:55 Castle Age
19:25 Bloodlines
21:43 Scale Barding Armor
21:42 Stone Mining
22:07 Forging
22:45 Bow Saw
23:23 Padded Archer Armor
25:33 Stone Shaft Mining
26:30 Leather Archer Armor
26:06 Fletching
28:08 Husbandry
32:50 Bodkin Arrow
32:58 Elite Skirmisher
33:46 Thumb Ring
Pedro Devoto
0:26 Loom
14:34 Feudal Age
16:33 Arson
16:09 Man-at-Arms
16:16 Man-at-Arms
20:48 Castle Age
18:57 Scale Mail Armor
20:53 Long Swordsman
24:10 Double-Bit Axe
24:11 Elite Skirmisher
25:57 Fletching
26:53 Stone Mining
32:22 Bodkin Arrow
32:29 Padded Archer Armor
35:40 Wheelbarrow
35:18 Pikeman
Connection lost

Rejoining the realm…

Still unreachable

The connection could not be restored.

Session expired

The server has moved on; the page needs a fresh start.